 Dungeon Crawl Stone Soup version 0.32-a0-913-g739538afd8 (webtiles) character file.

Game seed: 2503069512858309224

5 ezpacito the Trooper (level 1, 0/15 (18) HPs)
             Began as a Coglin Chaos Knight on Apr 9, 2024.
             Was a Plaything of Xom.
             Slain by a kobold
             ... wielding a +0 club
              (2 damage)
             ... on level 1 of the Dungeon.
             The game lasted 00:01:24 (100 turns).

ezpacito the Trooper (Coglin Chaos Knight)           Turns: 100, Time: 00:01:25

HP:   0/15 (18)     AC:  5    Str: 12    XL:     1   Next: 80%
MP:   1/1           EV: 10    Int: 11    God:    Xom [..*...]
Gold: 0             SH:  0    Dex: 13    Spells: 0/0 levels left

rFire   . . .        a - +0 hand axe (chaos) {Yejun}
rCold   . . .        d - +0 dagger {Ealamassi}
rNeg    . . .        b - +2 leather armour
rPois   .            (no helmet)
rElec   .            (no cloak)
rCorr   .            (no gloves)
SInv    .            (no boots)
Will    .....        (amulet unavailable)
Stlth   +            (ring unavailable)
HPRegen 0.22/turn    (ring unavailable)
MPRegen 0.07/turn    (no gizmo)

%: no passive effects
@: heavily drained, revving
A: off-hand wielding, slow wielding, warmup strikes, no jewellery
a: Invent Gizmo, Renounce Religion


You were on level 1 of the Dungeon.
You worshipped Xom.
You were a toy of Xom.
You visited 1 branch of the dungeon, and saw 1 of its levels.

Inventory:

Hand Weapons
 a - a +0 hand axe of chaos (weapon) {Yejun}
 d - a +0 dagger (offhand) {Ealamassi}
Armour
 b - a +2 leather armour (worn)


   Skills:
 * Level 3.1 Fighting
 * Level 3.0 Axes
 * Level 0.1(1.5) Polearms
 * Level 1.8 Armour
 * Level 1.0 Dodging
 + Level 0.2 Stealth
 + Level 0.0 Spellcasting


You couldn't memorise any spells.
You didn't know any spells.
Your spell library was empty.

Dungeon Overview and Level Annotations

Branches:
Dungeon (1/15)

Altars:


Innate Abilities, Weirdness & Mutations

You can wield a second weapon in your off-hand.
It takes a long time for you to wield or remove held weapons.
Your first few attacks do less damage.
You cannot equip rings or amulets.


Message History

Your butterfly disappears in a burst of colours!
You swap places.
The kobold barely misses your butterfly.
The kobold barely misses your butterfly. x2
The kobold closely misses your butterfly.
The kobold barely misses your butterfly.
The kobold barely misses your butterfly.
The kobold completely misses your butterfly.
You open the door.
The kobold hits your butterfly with a +3 short sword of draining.
Your butterfly dies!
Your butterfly disappears in a burst of colours!
You swap places.
The kobold closely misses your butterfly.
There is an open door here.
The kobold misses your butterfly.
The kobold closely misses your butterfly.
You start resting.
Something hits your butterfly.
Your butterfly dies!
Your butterfly disappears in a burst of colours!
You start resting.
A kobold is nearby!
A kobold is nearby!
Your butterfly disappears in a burst of colours!
You barely miss the kobold with your +0 hand axe of chaos.
The kobold is moderately wounded.
You closely miss the kobold with your +0 dagger.
The kobold hits you with a +3 short sword of draining.
* * * LOW HITPOINT WARNING * * *
You feel drained.
* * * LOW HITPOINT WARNING * * *
You take 7 damage, and have 1/14 hp.
MASSIVE DAMAGE!!
You hit the kobold with your +0 hand axe of chaos.
You kill the kobold!
Your butterfly disappears in a burst of colours!
Your Dodging skill increases to level 1!
The kobold hits you with a +0 club.
You die... "Huh?
Did I miss anything?"

#.#.......[. #.#........#
#.#.......# #####
#.#..b...?# #...#
#....b.b..# #...#
.#....Kb...# ###...###
.#b.bbKb..b# #.@.....#
......bb.b.####K.....b####
b.b....b...#.....b.b.....#
.....b...b.'......b......#
.$...#b#...#.............#
.#.#.bb....####.......####
!b....b....# #......<#
.....b..##.# ###...###
.........#.# #...#


You could see a kobold (ally target).

Vanquished Creatures
  A giant cockroach (D:1)
  A goblin (D:1)
  A bat (D:1)
  A frilled lizard (D:1)
  A kobold (D:1)
  A rat (D:1)
6 creatures vanquished.

Notes
Turn   | Place    | Note
-------+----------+-------------------------------------------
     0 | D:1      | ezpacito the Coglin Chaos Knight began the quest for the
                  | Orb.
     0 | D:1      | Reached XP level 1. HP: 18/18 MP: 1/1
   100 | D:1      | Reached skill level 1 in Dodging
   100 | D:1      | Slain by a kobold

Illustrated notes

Levels and vault maps discovered:
D:1:      minmay_arrival_cross, layout_rooms, serial_co_window_serial,
          co_window_paths_a, co_window_corner_a, co_window_of_opportunity_a,
          co_window_corner_a, co_window_corner_a, co_window_of_opportunity_b,
          co_window_broadway_a, co_window_2corner, co_window_unsneaky_path_b,
          co_window_broadway_a, co_window_corner_b, glass_columns_a,
          glass_columns_c, glass_columns_b

Skill      XL: |  1 |
---------------+----+-----
Dodging        | 1 |  1.0
Fighting       | |  3.1
Axes           | |  3.0
Polearms       | |  0.1
Armour         | |  1.8
Stealth        | |  0.2

Action                     || total
---------------------------++-------
  Melee: Hand axe          ||    14
         Dagger            ||    12
    Use: Scroll            ||     1
 Armour: Leather armour    ||    14
  Dodge: Dodged            ||     8

Table legend: (Time is in decaauts)
 A = Elapsed time spent in this place.
 B = Non-inter-level travel time spent in this place.
 C = Inter-level travel time spent in this place.
 D = Time resting spent in this place.
 E = Time spent auto-exploring this place.
 F = Levels seen in this place.
 G = Mean time per level.
                   A        B        C        D        E       F      G
               +--------+--------+--------+--------+--------+-----+--------+
         Total |    100 |    100 |      0 |      4 |     49 |   1 |  100.0 |
       Dungeon |    100 |    100 |      0 |      4 |     49 |   1 |  100.0 |
               +--------+--------+--------+--------+--------+-----+--------+

Top non-repeatable levels by time:
     D:1: 100 daAuts
